 Dungeon Crawl Stone Soup version 0.29.1-12-g30fa7ad0bf (webtiles) character file.

Game seed: 12682316914871176026

689 croobank the Conjurer (level 7, 0/52 HPs)
             Began as a Demonspawn Conjurer on Jan 7, 2023.
             Killed from afar by an orc wizard (9 damage)
             ... with a puff of flame
             ... on level 4 of the Dungeon.
             The game lasted 00:13:28 (5396 turns).

croobank the Conjurer (Demonspawn Conjurer)         Turns: 5396, Time: 00:13:28

Health: 0/52       AC:  2    Str:  8    XL:     7   Next: 36%
Magic:  4/12       EV: 12    Int: 21    God:
Gold:   181        SH:  0    Dex: 11    Spells: 3/13 levels left

rFire   . . .      SeeInvis .   a - +0 dagger
rCold   . . .      Faith    .   (no shield)
rNeg    . . .      Spirit   .   d - +0 robe
rPois   .          Reflect  .   (helmet restricted)
rElec   .          Harm     .   (no cloak)
rCorr   .          Rampage  .   (no gloves)
Will    .....                   (no boots)
Stlth   ++........              (no amulet)
HPRegen 0.17/turn               (no ring)
MPRegen 0.13/turn               (no ring)

@: no status effects
A: antennae 2, foul stench 1, weakness stinger 1
a: no special abilities


You were on level 4 of the Dungeon.
You visited 1 branch of the dungeon, and saw 5 of its levels.

You collected 181 gold pieces.

Inventory:

Hand Weapons
 a - a +0 dagger (weapon)
Missiles
 e - 6 atropa-tipped darts
 l - 3 curare-tipped darts (quivered)
Armour
 d - a +0 robe (worn)
Jewellery
 m - a +4 ring of evasion
 o - an amulet of guardian spirit
Scrolls
 g - a scroll of amnesia {unknown}
 h - a scroll of magic mapping {unknown}
 j - 2 scrolls of enchant armour {unknown}
 k - 2 scrolls of identify {unknown}
Potions
 b - a potion of magic
 c - a potion of curing {unknown}
 f - a potion of cancellation {unknown}
 i - 3 potions of degeneration {unknown}
 n - a potion of haste {unknown}
 p - 2 potions of berserk rage {unknown}


   Skills:
 + Level 3.0 Fighting
 + Level 3.4 Dodging
 + Level 3.7 Stealth
 + Level 3.5 Spellcasting
 + Level 5.2 Conjurations
 + Level 2.3 Hexes
 + Level 1.1 Translocations


You had 3 spell levels left.
You knew the following spells:

 Your Spells              Type           Power      Damage    Failure   Level
a - Magic Dart            Conj           100%       1d8       1%          1
b - Searing Ray           Conj           50%        2d6       2%          2
c - Dazzling Flash        Conj/Hex       38%        N/A       9%          3
d - Iskenderun's Mystic   Conj/Tloc      17%        2d5       34%         4

Your spell library contained the following spells:

 Spells                   Type           Power      Damage    Failure   Level
 Ensorcelled Hibernation  Hex/Ice        16%        N/A       12%         2
 Passwall                 Tmut/Erth      2%         N/A       19%         2
 Swiftness                Air            3%         N/A       36%         3
 Fulminant Prism          Conj/Hex       9%         3d7       26%         4


Dungeon Overview and Level Annotations

Branches:
Dungeon (5/15)
 Temple: D:4-7

Altars:

Shops:
D:3 :(

Annotations:
D:2 Sigmund
D:3 2 transporters, Damian's ghost, amateur DrHu
D:5 Pikel


Innate Abilities, Weirdness & Mutations

You have a pair of antennae on your head.
You may rarely emit foul miasma when damaged in melee.
You have a small tail.


Message History

You hit the orc wizard but do no damage.
You tail-slap the orc wizard.
The orc wizard is heavily wounded.
The orc wizard hits you with a +0 dagger.
The orc misses you.
You hit the orc wizard.
The orc wizard is heavily wounded.
The orc wizard hits you with a +0 dagger.
The orc hits you with a +0 hand axe.
Your magical contamination has completely faded away.
You hit the orc wizard but do no damage.
The orc wizard is heavily wounded.
The orc wizard hits you with a +0 dagger.
The orc misses you.
You are too injured to fight recklessly!
Casting: Dazzling Flash (dangerous; 9% risk of failure)
Confirm with . or Enter, or press ? or * to list all spells.
Casting: Dazzling Flash (dangerous; 9% risk of failure)
Press: ? - help, Dir - look around, f - activate The orc wizard is dazzled.
The orc wizard misses you. The orc hits you with a +0 hand axe.
You are too injured to fight recklessly!
You are too injured to fight recklessly!
You are too injured to fight recklessly!
You are too injured to fight recklessly!
You are too injured to fight recklessly!
You hit the orc wizard but do no damage.
The orc wizard is heavily wounded.
The orc wizard gestures at you while chanting.
The puff of flame hits you!
* * * LOW HITPOINT WARNING * * *
The orc hits you with a +0 hand axe.
* * * LOW HITPOINT WARNING * * *
Okay, then.
Okay, then.
You hit the orc wizard.
The orc wizard is severely wounded.
The orc wizard casts a spell at you. The puff of flame hits you!
You die...

.# #......# .# #..#...#
.# #.###..# .# #..#...#
.# #.#.##.# ## #......#
# ###.#### # #.#
######### # #.#
#@o.[...# ######.#
#o#####.### ##.....#
#.#####...### ##.#####
#######...........#
...#
#.......###.......##
####
#.#####.##.........#
####.#####............#
#.).....#####.........#
#.##.##.# ##.......##


You could see an orc wizard (blind) and an orc.

Vanquished Creatures
  A black bear (D:4)
  An ogre (D:4)
  A centaur (D:5)
  A lemure (D:5)
  A necrophage (D:5)
  2 scorpions
  A howler monkey (D:5)
  A hound (D:4)
  An iguana (D:5)
  6 adders
  A white imp (D:5)
  A worm (D:1)
  6 dart slugs
  9 orcs
  5 ball pythons
  A bat skeleton (D:2)
  6 endoplasms
  4 giant cockroaches
  5 goblins
  8 hobgoblins
  4 jackals (D:3)
  3 kobolds
  A quokka (D:4)
  6 bats
  2 frilled lizards
  A giant cockroach zombie (D:2)
  3 rats (D:1)
82 creatures vanquished.

Vanquished Creatures (others)
  3 withered plants (D:2)
3 creatures vanquished.

Grand Total: 85 creatures vanquished

Notes
Turn   | Place    | Note
-------+----------+-------------------------------------------
     0 | D:1      | croobank the Demonspawn Conjurer began the quest for the
                  | Orb.
     0 | D:1      | Reached XP level 1. HP: 13/13 MP: 3/3
   370 | D:1      | Discovered your monstrous ancestry.
   370 | D:1      | Gained mutation: You have a pair of small antennae on your
                  | head. [demonic ancestry]
   370 | D:1      | Reached XP level 2. HP: 19/19 MP: 0/5
   426 | D:1      | Learned a level 2 spell: Searing Ray
   644 | D:1      | Found a faded altar of an unknown god.
   991 | D:1      | Reached XP level 3. HP: 17/24 MP: 0/6
  1218 | D:1      | Learned a level 3 spell: Dazzling Flash
  1345 | D:2      | Noticed Sigmund
  1740 | D:3      | Found Deurol's Weapon Shoppe.
  1749 | D:3      | Gained mutation: You have a small tail. [demonic ancestry]
  1749 | D:3      | Reached XP level 4. HP: 26/30 MP: 1/7
  2163 | D:3      | Found Wevurch's Book Shop.
  2633 | D:3      | Found a transporter.
  2635 | D:3      | Noticed Damian's ghost (amateur DrHu)
  2638 | D:3      | Found a transporter.
  2639 | D:3      | Noticed a phantom
  2771 | D:4      | Reached skill level 1 in Fighting
  2924 | D:4      | Gained mutation: You may rarely emit foul miasma when
                  | damaged in melee. [demonic ancestry]
  2924 | D:4      | Reached XP level 5. HP: 37/37 MP: 2/9
  3221 | D:4      | Reached skill level 1 in Hexes
  3593 | D:4      | Noticed an ogre
  3598 | D:4      | Killed an ogre
  3599 | D:4      | Gained mutation: You have a pair of antennae on your head.
                  | [demonic ancestry]
  3599 | D:4      | Reached XP level 6. HP: 44/44 MP: 3/10
  3920 | D:4      | Reached skill level 5 in Conjurations
  4067 | D:5      | Entered Level 5 of the Dungeon
  4173 | D:5      | Learned a level 4 spell: Iskenderun's Mystic Blast
  4263 | D:5      | Reached XP level 7. HP: 34/51 MP: 4/12
  4736 | D:5      | Reached skill level 1 in Translocations
  4924 | D:5      | Noticed Pikel
  5396 | D:4      | Killed from afar by an orc wizard

Illustrated notes

Levels and vault maps discovered:
D:1:      dpeg_arrival_rooms_c, layout_rooms,
          hellmonk_ecumenical_altar_pennies_from_heaven
D:2:      layout_rooms, serial_undead, serial_undead_e, serial_undead_b,
          serial_undead_b, serial_undead_a, minivault_19, serial_bayou_crossing,
          uniq_sigmund
D:3:      layout_loops_ring, gammafunk_ghost_mausoleum, serial_shops, shop,
          nicolae_shop_hallway_stairs
D:4:      layout_loops_cross
D:5:      layout_loops_corners, uniq_pikel

Skill      XL: |  1  2  3  4  5  6  7 |
---------------+----------------------+-----
Stealth        | 2 3 |  3.7
Dodging        | 2 3 |  3.4
Fighting       | 1 2 3 |  3.0
Hexes          | 1 2 |  2.3
Spellcasting   | 3 |  3.5
Conjurations   | 5 |  5.2
Translocations | 1 |  1.1

Action                   |  1- 3 |  4- 6 |  7- 9 || total
-------------------------+-------+-------+-------++-------
Melee: Unarmed           |     8 |       |       ||     8
       Dagger            |    40 |    22 |     9 ||    71
       Tailslap          |       |     5 |     1 ||     6
 Cast: Magic Dart        |    40 |    24 |     4 ||    68
       Searing Ray       |    12 |    27 |    11 ||    50
       Dazzling Flash    |       |     1 |     2 ||     3
 Stab: Sleeping          |     1 |     2 |       ||     3
Armor: Robe              |    14 |     3 |     3 ||    20
Dodge: Dodged            |    51 |    29 |    10 ||    90
